 Dungeon Crawl Stone Soup version 0.31-a0-1597-ge7908ec95f (webtiles) character file.

Game seed: 4494145040130247334

426 James the Cutter (level 6, -3/32 HPs)
             Began as a Spriggan Fighter on Jan 7, 2024.
             Was a Believer of Uskayaw.
             Killed by nerve-wracking pain
             ... invoked by an orc priest
              (14 damage)
             ... on level 4 of the Dungeon.
             The game lasted 00:13:37 (3288 turns).

James the Cutter (Spriggan Fighter)                 Turns: 3288, Time: 00:13:37

Health: -3/32      AC:  4    Str: 12    XL:     6   Next: 64%
Magic:  7/7        EV: 18    Int: 16    God:    Uskayaw [**....]
Gold:   210        SH:  5    Dex: 16    Spells: 5/5 levels left

rFire   . . .        b - +1 dagger (flame)
rCold   . . .        c - +0 buckler
rNeg    . . .        h - +0 robe
rPois   .            z - +2 hat
rElec   .            (no cloak)
rCorr   .            (gloves unavailable)
SInv    +            (boots unavailable)
Will    +....        (no amulet)
Stlth   +++          o - +6 ring of intelligence
HPRegen 0.25/turn    (no ring)
MPRegen 0.10/turn

%: no passive effects
@: very quick
A: very small, no large weapons, unfitting armour, see invisible, speed 3
a: Renounce Religion, Stomp, Line Pass


You were on level 4 of the Dungeon.
You worshipped Uskayaw.
Uskayaw was noncommittal.
You visited 2 branches of the dungeon, and saw 6 of its levels.

You collected 210 gold pieces.

Inventory:

Hand Weapons
 a - a +0 rapier
 b - a +1 dagger of flaming (weapon)
   (You took it off a goblin on level 1 of the Dungeon)
 i - a +0 spear
   (You found it on level 1 of the Dungeon)
 r - a +0 sling
   (You took it off a goblin on level 2 of the Dungeon)
 B - a +0 spear
   (You took it off a gnoll on level 4 of the Dungeon)
Missiles
 n - 21 stones (quivered)
Armour
 c - a +0 buckler (worn)
 g - a +0 robe
   (You found it on level 1 of the Dungeon)
 h - a +0 robe (worn)
 u - a +0 robe
   (You found it on level 4 of the Dungeon)
 z - a +2 hat (worn)
   (You found it on level 5 of the Dungeon)
Magical Staves
 f - a staff of alchemy
   (You found it on level 1 of the Dungeon)
Jewellery
 o - a +6 ring of intelligence (left hand)
   (You found it on level 2 of the Dungeon)
Wands
 v - a wand of digging (7)
   (You found it on level 4 of the Dungeon)
Scrolls
 k - a scroll of torment {!r}
 l - a scroll of fog
 p - a scroll of blinking {unknown}
 q - a scroll of brand weapon {unknown}
 s - a scroll of enchant armour {unknown}
 t - 2 scrolls of teleportation {@r4}
 x - a scroll of revelation {unknown}
 y - a scroll of amnesia {unknown}
Potions
 d - a potion of might
 e - a potion of enlightenment
 j - 3 potions of heal wounds {@q2}
 m - 3 potions of curing {@q1}
 w - a potion of cancellation


   Skills:
 + Level 3.2 Fighting
 * Level 5.1 Short Blades
 + Level 4.4 Dodging
 + Level 5.1 Stealth
 + Level 3.1 Shields


You had 5 spell levels left.
You didn't know any spells.
Your spell library contained the following spells:

 Spells                   Type           Power      Damage    Failure   Level
 Ensorcelled Hibernation  Hex/Ice        0%         N/A       45%         2
 Jinxbite                 Hex            0%         N/A       45%         2
 Fugue of the Fallen      Necr           0%         N/A       71%         3
 Passwall                 Erth           0%         N/A       71%         3
 Swiftness                Air            0%         N/A       71%         3
 Tukima's Dance           Hex            0%         N/A       71%         3
 Anguish                  Hex/Necr       0%         N/A       98%         4
 Passage of Golubria      Tloc           0%         N/A       98%         4
 Yara's Violent Unravell  Hex/Alch       0%         3d3       100%        5
 Enfeeble                 Hex            0%         N/A       100%        7


Dungeon Overview and Level Annotations

Branches:
Dungeon (5/15)             Temple (1/1) D:4

Altars:
Cheibriados
Dithmenos
Elyvilon
Fedhas
Gozag
Hepliaklqana
Kikubaaqudgha
Makhleb
Nemelex Xobeh
Okawaru
Qazlal
Ru
Sif Muna
Uskayaw
Vehumet
Wu Jian
Xom
Zin
The Shining One

Shops:
D:1 (   D:5 *

Annotations:
D:2 exclusion: phantom
D:3 Sigmund


Innate Abilities, Weirdness & Mutations

You are very small and have problems with some larger weapons.
You are too small for most types of armour.
You have supernaturally acute eyesight. (SInv)
You cover ground extremely quickly. (Speed+++)


Message History

You completely miss the gnoll. The gnoll barely misses you.
You hit the gnoll. You burn the gnoll. You block the gnoll's attack.
You barely miss the gnoll. The gnoll closely misses you.
You hit the gnoll. You burn the gnoll. The gnoll closely misses you.
You hit the gnoll. You burn the gnoll.
You kill the gnoll!
You can now pass through a line of other dancers.
You see here a +0 flail.
You start resting.
Things that are here:
a +0 club; a +0 whip; a +0 leather armour
There is a stone staircase leading down here.
Things that are here:
a +0 dagger; an orc corpse You enter the shallow water.
Moving in this stuff is going to be slow.
An iguana comes into view.
You catch the helpless iguana completely off-guard!
You puncture the iguana! You burn the iguana.
You kill the iguana!
Your Short Blades skill increases to level 5!
Your Stealth skill increases to level 5!
The orc priest shouts!
The orc priest shouts! x2
You hit the orc priest. You burn the orc priest.
You block the orc priest's attack.
You hit the orc priest. You burn the orc priest. You hit the orc priest.
You burn the orc priest. The orc priest barely misses you.
The orc priest invokes the aid of Beogh against you.
Beogh smites you! The orc priest misses you.
You barely miss the orc priest. You block the orc priest's attack.
The orc priest misses you. You block the orc priest's attack.
You hit the orc priest. You burn the orc priest.
The orc priest hits you with a +0 war axe.
* * * LOW HITPOINT WARNING * * *
The orc priest hits you with a +0 dagger.
* * * LOW HITPOINT WARNING * * *
The orc priest miscasts a cantrip.
You can now pass through a line of other dancers.
You hit the orc priest. You burn the orc priest.
You kill the orc priest!
The orc priest hits you but does no damage.
You hit the orc priest but do no damage.
The orc priest misses you.
You hit the orc priest but do no damage.
The orc priest misses you.
The orc priest calls down the wrath of Beogh upon you.
Pain shoots through your body!
You die...

..### ....###............##.###
...#.. ....#....#..#...........#
..#..Y# ##.......####.........###
....Y..##.............##........#
......#.....#.###...............#
......#..##...###.......#........
..................#.###.#.##.##.#
...............oo.#.####..####.##
####............@).....#.........
...##................#...........
.[..#................##..).......
....#...............###..........
...##.)....###.#..............^..
...#.##....##.##...#.#.##........
....###...#.#.###################
.#.......##.#....................
...####..#..#.####.####.####.####


You could see 2 orc priests.

Vanquished Creatures
  An ogre (D:4)
  A scorpion (D:4)
  A bombardier beetle (D:4)
  An orc priest (D:4)
  A gnoll bouda (D:4)
  An iguana (D:4)
  4 gnolls (D:4)
  5 adders
  2 dart slugs
  5 orcs (D:4)
  5 endoplasms
  3 giant cockroaches
  6 goblins
  6 hobgoblins
  2 jackals (D:3)
  3 quokkas
  7 ball pythons
  5 bats
  4 frilled lizards
  7 kobolds
  4 rats
74 creatures vanquished.

Notes
Turn   | Place    | Note
-------+----------+-------------------------------------------
     0 | D:1      | James the Spriggan Fighter began the quest for the Orb.
     0 | D:1      | Reached XP level 1. HP: 11/11 MP: 2/2
    58 | D:1      | Found Zirr's Weapon Shop.
   225 | D:1      | Reached XP level 2. HP: 16/16 MP: 3/3
   702 | D:2      | Noticed a phantom
   816 | D:2      | Reached skill level 1 in Stealth
   963 | D:2      | Reached XP level 3. HP: 19/19 MP: 4/4
  1589 | D:3      | Noticed Sigmund
  1730 | D:4      | Reached XP level 4. HP: 21/23 MP: 5/5
  1748 | D:4      | Found a staircase to the Ecumenical Temple.
  1757 | Temple   | Entered the Ecumenical Temple
  1770 | Temple   | Became a worshipper of Uskayaw the Reveller
  1863 | D:4      | Noticed an ice beast
  1909 | D:4      | Reached * piety under Uskayaw
  2309 | D:5      | Entered Level 5 of the Dungeon
  2344 | D:5      | Found Qobatox's Mayhem Merchandise.
  2445 | D:5      | Noticed a lemure
  2445 | D:5      | Noticed a lemure
  2445 | D:5      | Noticed a lemure
  2469 | D:4      | Reached ** piety under Uskayaw
  2607 | D:4      | Reached XP level 5. HP: 21/27 MP: 6/6
  2682 | D:4      | Noticed an ogre
  2738 | D:4      | Reached *** piety under Uskayaw
  2792 | D:4      | Killed an ogre
  2887 | D:4      | Reached XP level 6. HP: 32/32 MP: 7/7
  3244 | D:4      | Reached skill level 5 in Short Blades
  3244 | D:4      | Reached skill level 5 in Stealth
  3288 | D:4      | Killed from afar by an orc priest

Illustrated notes

Levels and vault maps discovered:
D:1:      eino_arrival_water_star, layout_basic, serial_shops, shop
D:2:      layout_rooms, guppyfry_early_lair_pool
D:3:      layout_rooms, uniq_sigmund
D:4:      minmay_door_path, layout_cave_pools, minmay_temple_entry_mist,
          eino_small_chamber_without_monster, minmay_tree_intersection
D:5:      layout_gridville, mainiacjoe_overflow_small_starburst,
          minmay_shop_mayhem, nicolae_figureground_pulse, uniq_grinder,
          uniq_ijyb, uniq_pikel
Temple:   nicolae_temple_bog_church

Skill      XL: |  1  2  3  4  5  6 |
---------------+-------------------+-----
Short Blades   | 3 4 5 |  5.1
Stealth        | 1 2 3 4 5 |  5.1
Fighting       | 3 |  3.2
Shields        | 3 |  3.1
Dodging        | |  4.4

Action                     |  1- 3 |  4- 6 || total
---------------------------+-------+-------++-------
  Melee: Dagger            |   134 |   132 ||   266
         Rapier            |     6 |       ||     6
  Throw: Stone             |       |    11 ||    11
         Boomerang         |       |     6 ||     6
    Use: Scroll            |     4 |     4 ||     8
   Stab: Sleeping          |     4 |     4 ||     8
         Distracted        |       |     3 ||     3
         Paralysed         |       |     1 ||     1
 Armour: Robe              |    28 |    26 ||    54
  Dodge: Dodged            |    80 |    66 ||   146
  Block: Buckler           |    20 |    14 ||    34

Table legend: (Time is in decaauts)
 A = Elapsed time spent in this place.
 B = Non-inter-level travel time spent in this place.
 C = Inter-level travel time spent in this place.
 D = Time resting spent in this place.
 E = Time spent auto-exploring this place.
 F = Levels seen in this place.
 G = Mean time per level.
                   A        B        C        D        E       F      G
               +--------+--------+--------+--------+--------+-----+--------+
         Total |   2352 |   2276 |     76 |    414 |    861 |   6 |  392.0 |
       Dungeon |   2335 |   2274 |     61 |    414 |    861 |   5 |  467.0 |
        Temple |     17 |      3 |     14 |      0 |      0 |   1 |   17.0 |
               +--------+--------+--------+--------+--------+-----+--------+

Top non-repeatable levels by time:
     D:4: 1056 daAuts
     D:1: 438 daAuts
     D:3: 430 daAuts
     D:2: 314 daAuts
     D:5: 95 daAuts
  Temple: 17 daAuts
